 Dungeon Crawl Stone Soup version 0.28.0 (webtiles) character file.

Game seed: 941881318365472585

228 Morbidden the Slasher (level 5, -1/42 HPs)
             Began as a Demonspawn Fighter on Feb 8, 2022.
             Slain by an ogre (15 damage)
             ... on level 4 of the Dungeon.
             The game lasted 00:04:08 (3424 turns).

Morbidden the Slasher (Demonspawn Fighter)          Turns: 3424, Time: 00:04:08

Health: -1/42      AC: 10    Str: 18    XL:     5   Next: 70%
Magic:  0/5        EV: 10    Int: 13    God:
Gold:   121        SH:  4    Dex: 12    Spells: 4/4 levels left

rFire   . . .      SeeInvis .   b - +2 dagger (venom)
rCold   . . .      Faith    .   (no shield)
rNeg    . . .      Spirit   +   j - +0 scale mail
rPois   .          Reflect  .   (no helmet)
rElec   .          Harm     .   (no cloak)
rCorr   +          Rampage  .   (no gloves)
Will    .....                   (no boots)
Stlth   ..........              l - amulet "Leonleof" {Spirit Drain rCorr Int+3}
HPRegen 0.14/turn               (no ring)
MPRegen 0.09/turn               (no ring)

@: no status effects
A: icemail 1, powered by pain 1, condensation shield, demonic touch 1
a: no special abilities


You were on level 4 of the Dungeon.
You visited 1 branch of the dungeon, and saw 4 of its levels.

You collected 221 gold pieces.
You spent 100 gold pieces at shops.

Inventory:

Hand Weapons
 a - a +0 long sword
 b - a +2 dagger of venom (weapon)
Missiles
 e - 5 poisoned darts (quivered)
Armour
 j - a +0 scale mail (worn)
Jewellery
 l - the amulet "Leonleof" (around neck) {Spirit Drain rCorr Int+3}
   (You bought it in a shop on level 3 of the Dungeon)

   [amulet of guardian spirit]

   It causes incoming damage to be divided between your reserves of health and
   magic.
   Int:       It affects your intelligence (+3).
   rCorr:     It protects you from acid and corrosion.
   Drain:     It drains your maximum health when unequipped.
Wands
 m - a wand of iceblast (5)
Scrolls
 f - 2 scrolls of vulnerability
 g - a scroll of enchant weapon {unknown}
 h - a scroll of identify
 i - a scroll of brand weapon {unknown}
 k - a scroll of enchant armour {unknown}
 o - a scroll of immolation
Potions
 c - a potion of invisibility {unknown}
 d - a potion of might
 n - a potion of resistance {unknown}


   Skills:
 * Level 3.8 Fighting
 + Level 0.5(2.4) Short Blades
 * Level 3.9 Long Blades
 + Level 3.1 Armour
 * Level 1.3 Dodging
 + Level 0.1 Stealth
 + Level 3.1 Shields
 * Level 0.4 Spellcasting


You had 4 spell levels left.
You didn't know any spells.
Your spell library contained the following spells:

 Spells                   Type           Power      Damage    Failure   Level
 Ozocubu's Armour         Ice            0%         N/A       95%         3
 Ozocubu's Refrigeration  Ice            0%         4d5       100%        7


Dungeon Overview and Level Annotations

Branches:
Dungeon (4/15)
 Temple: D:4-7

Altars:

Shops:
D:3 *


Innate Abilities, Weirdness & Mutations

A meltable icy envelope protects you from harm. (AC +4)
You sometimes gain a little power by taking damage.
A meltable shield of frost defends you. (SH +4)
Your touch may inflict minor irresistible damage on your foes.


Message History

You hear the sound of rushing water.
There is an entrance to a sewer on this level.
Hurry and find it before the portal rusts away!
Found 10 gold pieces.
There is a stone staircase leading up here.
As you read the scroll labelled DALUCU PUIMUOC, it crumbles to dust.
It is a scroll of identify.
f - 2 scrolls of vulnerability
Okay, then.
Unknown command.
There are no items here.
As you read the scroll of identify, it crumbles to dust.
o - a scroll of immolation Unknown command.
An ogre and an adder come into view.
The adder hisses angrily.
The adder bites you but does no damage.
You barely miss the adder. The adder barely misses you.
You hit the adder.
The adder is poisoned.
The adder is moderately wounded.
The adder closely misses you.
You hit the adder.
The adder is heavily wounded.
You block the adder's attack.
You hit the adder.
The adder looks as sick as possible!
The adder is almost dead.
You kill the adder!
Unknown command.
You hit the ogre.
The ogre is poisoned.
You touch the ogre.
The ogre is lightly wounded.
The ogre hits you with a +0 giant spiked club!!
Ouch! That really hurt!
You focus on the pain.
You feel your power returning.
You hear a shout!
Unknown command.
You hear a bark!
There is a stone staircase leading up here.
An ogre is nearby!
Unknown command.
The ogre hits you with a +0 giant spiked club!!
You die...

## .$# ...#
##########...##
...............
#...........#
#O# #@# #.# #.#
#.. ###


You could see an ogre (very poisoned).

Vanquished Creatures
  An orc priest (D:3)
  Jessica (D:2)
  A hound skeleton (D:3)
  Robin (D:2)
  3 adders
  A worm (D:2)
  A dart slug (D:1)
  11 orcs
  7 ball pythons
  5 endoplasms
  3 giant cockroaches
  16 goblins
  10 hobgoblins
  6 jackals (D:3)
  7 kobolds
  5 quokkas
  12 bats
  A frilled lizard (D:1)
  4 rats
96 creatures vanquished.

Notes
Turn   | Place    | Note
-------+----------+-------------------------------------------
     0 | D:1      | Morbidden the Demonspawn Fighter began the quest for the
                  | Orb.
     0 | D:1      | Reached XP level 1. HP: 18/18 MP: 1/1
   295 | D:1      | Gained mutation: A meltable shield of frost defends you.
                  | (SH +4) [demonic ancestry]
   295 | D:1      | Reached XP level 2. HP: 19/24 MP: 2/2
   492 | D:1      | Found a faded altar of an unknown god.
   750 | D:1      | Gained mutation: Your touch may inflict minor irresistible
                  | damage on your foes. [demonic ancestry]
   750 | D:1      | Reached XP level 3. HP: 29/29 MP: 3/3
  1438 | D:2      | Noticed Robin
  1452 | D:2      | Gained mutation: A meltable icy envelope protects you from
                  | harm. (AC +4) [demonic ancestry]
  1452 | D:2      | Reached XP level 4. HP: 27/35 MP: 4/4
  1462 | D:2      | HP: 1/35 [Robin (5)]
  1465 | D:2      | Killed Robin
  1858 | D:2      | Noticed Jessica
  1866 | D:2      | Killed Jessica
  1867 | D:2      | Reached skill level 1 in Dodging
  2607 | D:3      | Gained mutation: You sometimes gain a little power by
                  | taking damage. [demonic ancestry]
  2607 | D:3      | Reached XP level 5. HP: 41/41 MP: 5/5
  2924 | D:3      | Found Cufed's Assorted Antiques.
  2937 | D:3      | Bought a flickering brass amulet for 100 gold pieces
  2937 | D:3      | Identified the amulet "Leonleof" {Spirit Drain rCorr Int+3}
                  | (You bought it in a shop on level 3 of the Dungeon)
  3417 | D:4      | Noticed an ogre
  3424 | D:4      | Slain by an ogre

Illustrated notes

Levels and vault maps discovered:
D:1:      wheals_arrival_linesprint, layout_loops_cross,
          hellmonk_ecumenical_altar_crossroads
D:2:      minmay_alternating_diamond, layout_loops_corners,
          guppyfry_early_orc_mine, uniq_jessica, uniq_robin
D:3:      layout_loops_ring, serial_shops, shop_coins, dk_noncrumbling_4
D:4:      layout_loops_ring, makhleb_altar_promises_db,
          cheibrodos_sewer_entry_sluice

Skill      XL: |  1  2  3  4 |
---------------+-------------+-----
Long Blades    | 2 3 |  3.9
Shields        | 3 |  3.1
Dodging        | 1 |  1.3
Armour         | 3 |  3.1
Fighting       | |  3.8
Short Blades   | |  0.5
Stealth        | |  0.1
Spellcasting   | |  0.4

Action                   |  1- 3 |  4- 6 || total
-------------------------+-------+-------++-------
Melee: Long sword        |   132 |    35 ||   167
       Touch             |     6 |    21 ||    27
       Dagger            |       |    95 ||    95
       Punch             |       |     2 ||     2
  Use: Potion            |       |     1 ||     1
       Scroll            |       |     2 ||     2
Armor: Scale mail        |    77 |    62 ||   139
Dodge: Dodged            |    68 |    52 ||   120
Block: Buckler           |    47 |       ||    47
       Other             |    10 |    11 ||    21
